 Dungeon Crawl Stone Soup version 0.15-a0-1403-g2cecdf4 (webtiles) character file.

106024 BluebellGnoll the Warrior (level 15, -1/152 HPs)
             Began as a Minotaur Fighter on June 10, 2014.
             Was the Champion of Qazlal.
             Slain by an emperor scorpion (2 damage)
             ... on Level 1 of the Depths on June 11, 2014.
             The game lasted 04:49:23 (34839 turns).

BluebellGnoll the Warrior (Minotaur Fighter)       Turns: 34839, Time: 04:49:23

HP  -1/152       AC 34     Str 26      XL: 15   Next: 96%
MP  17/26        EV  2     Int  5      God: Qazlal [******]
Gold 807         SH  0     Dex 11      Spells:  0 memorised, 14 levels left

rFire  + . .     SeeInvis .     (no weapon)
rCold  + . .     Clarity  .     G - +13 plate armour of Criunwivea {rC+}
rNeg   + + +     rCorr    .     c - +1 shield
rPois  +         rRot     +     (helmet unavailable)
rElec  .         Spirit   .     y - +0 cloak
SustAb +         Warding  .     a - +0 pair of gloves
rMut   +         Stasis   .     (no boots)
Gourm  .                        T - amulet of resist mutation
MR     ++...                    S - ring of protection from magic
                                m - ring of sustain abilities

@: petrified, protected from physical damage, studying Invocations, repel
missiles, very resistant to hostile enchantments, extremely unstealthy
A: retaliatory headbutt, horns 3
a: Upheaval, Elemental Force, Disaster Area, Renounce Religion


You were on level 1 of the Depths.
You worshipped Qazlal.
Qazlal was exalted by your worship.
You were not hungry.

You visited 6 branches of the dungeon, and saw 31 of its levels.
You visited 1 bazaar.
You also visited: Sewer and Bailey.

You collected 2839 gold pieces.
You spent 2032 gold pieces at shops.

Inventory:

Hand weapons
 W - the +7,+5 spear "Illoth" {pierce, rN+}
   (You found it on level 1 of the Lair of Beasts)

   It inflicts extra damage upon your enemies.
   It protects you from negative energy.
Missiles
 p - 2 tomahawks of returning
 A - 6 javelins
 J - 4 tomahawks (quivered)
Armour
 a - a +0 pair of gloves (worn)
 c - a +1 shield (worn)
 y - a +0 cloak (worn)
 G - the +13 plate armour of Criunwivea (worn) {rC+}
   (You took it off a kobold on level 14 of the Dungeon)

   It protects you from cold.
Magical devices
 j - a wand of fire (9)
 l - a wand of fire (3)
 r - a wand of paralysis (5)
 w - a wand of teleportation (4)
 E - a wand of slowing (8)
 Z - a wand of digging (3)
Comestibles
 b - 5 meat rations
Scrolls
 i - 4 scrolls of remove curse
 v - 5 scrolls of teleportation
 B - 2 scrolls of fog
 C - 4 scrolls of identify
 D - a scroll of summoning
 I - 2 scrolls of fear
 L - a scroll of blinking
 P - 3 scrolls of magic mapping
 U - 2 scrolls of recharging
 Y - 2 scrolls of immolation
Jewellery
 m - a ring of sustain abilities (left hand)
 t - an uncursed amulet of warding
 N - an uncursed ring of protection from cold
 S - a ring of protection from magic (right hand)
 T - an amulet of resist mutation (around neck)
Potions
 e - 2 potions of heal wounds
 f - 6 potions of curing
 g - 2 potions of might
 h - 3 potions of invisibility
 k - 3 potions of resistance
 n - a potion of magic
 q - 2 potions of agility
 s - 4 potions of haste
 z - 2 potions of flight
 K - a potion of berserk rage
Books
 o - a manual of Invocations
Miscellaneous
 d - a sack of spiders
 F - a stone of tremors
 M - a sack of spiders
Rods
 u - a +0 rod of inaccuracy (12/12)
   (You found it on level 4 of the Lair of Beasts)


   Skills:
 - Level 19.1 Fighting
 - Level 17.7 Polearms
 * Level 6.0 Throwing
 * Level 11.7 Armour
 + Level 14.1 Shields
 * Level 11.4 Invocations
 - Level 7.1 Evocations


You had 14 spell levels left.
You didn't know any spells.

Dungeon Overview and Level Annotations

Branches:
Dungeon (15/15)            Temple (1/1) D:7             Orc (4/4) D:9
    Elf (0/3) Orc:4          Lair (8/8) D:8           Swamp (0/5) Lair:3
  Snake (2/5) Lair:4        Slime (0/6) Lair:8       Vaults (0/5) D:13
 Depths (1/5) D:15

Altars:
Ashenzari
Cheibriados
Dithmenos
Elyvilon
Fedhas
Gozag
Kikubaaqudgha
Makhleb
Nemelex Xobeh
Okawaru
Qazlal
Sif Muna
Trog
Vehumet
Xom
Yredelemnul
Zin
The Shining One
Lugonu

Shops:
D:14 !   D:15 *   Orc:4 *[:(   Snake:1 [

Annotations:
Lair:1 exclusion: ice statue
Lair:4 exclusion: oklob plant
Depths:1 Jorgrun


Innate Abilities, Weirdness & Mutations

You reflexively headbutt those who attack you in melee.
You have a pair of large horns on your head.


Message History

You feel more protected from physical attacks.
* * * LOW HITPOINT WARNING * * *
The yaktaur hits you but does no damage.
The death yak is engulfed in roaring flames.
The death yak completely misses you. The emperor scorpion stings you!
* * * LOW HITPOINT WARNING * * *
The emperor scorpion claws you but does no damage. x2
The death yak gores you but does no damage.
The yaktaur hits you but does no damage.
Jorgrun hits you but does no damage.
The death yak is engulfed in roaring flames.
The death yak gores you!
* * * LOW HITPOINT WARNING * * *
You feel more protected from physical attacks.
The emperor scorpion is engulfed in roaring flames.
The emperor scorpion stings you.
* * * LOW HITPOINT WARNING * * *
The emperor scorpion claws you but does no damage.
The emperor scorpion claws you.
You die...

# ..## ....
..(.#.. .....
..)#...#.....#
#......#ā‰ˆ#...#.#
.....#ā‰ˆ..#.#...#
.......ā‰ˆ......
##(..........
######Yc.(.......
#..hYY@g..<...##.
#.....Y##sĀ§.....#
.#.## #.........#
# #..(.....##
####(##### ..(.
.... ... ...


You could see Jorgrun, an emperor scorpion, 4 death yaks, a yaktaur and a warg.

Vanquished Creatures
  Kirke (D:15)
  A fire dragon (Lair:8)
  6 hydras
  Erica (Lair:1)
  An anaconda (Snake:1)
  2 alligators (D:13)
  3 orc high priests (Orc:4)
  A catoblepas (D:13)
  6 centaur warriors
  2 very ugly things (D:15)
  5 skeletal warriors
  A wizard (D:13)
  A giant orange brain (D:15)
  A deep troll (shapeshifter) (D:15)
  3 hill giants
  2 lindwurms (D:13)
  A deep elf conjurer (Orc:4)
  A necromancer (D:13)
  6 orc knights
  A mana viper (Snake:1)
  2 wolf spiders (Lair:8)
  A sixfirhy (Orc:4)
  A cyclops (shapeshifter) (D:15)
  5 cyclopes
  A red wasp (Lair:8)
  2 salamanders (shapeshifter) (D:15)
  5 orc sorcerers
  2 griffons
  A fire giant skeleton (D:14)
  3 manticores
  A guardian serpent (Lair:8)
  18 black mambas
  11 elephants
  2 item mimics
  A feature mimic (Orc:2)
  4 naga magi (Snake:1)
  3 kobold demonologists (D:10)
  11 komodo dragons
  17 spiny frogs
  A gargoyle (D:15)
  3 fire drakes
  2 centaur skeletons
  A freezing wraith (D:14)
  5 polar bears
  Prince Ribbit (D:4)
  A boulder beetle (Lair:8)
  4 trolls
  4 basilisks
  3 slime creatures (D:15)
  2 two-headed ogres
  2 vampires
  A shadow (D:14)
  5 brown oozes
  A trapdoor spider (D:15)
  A yak (shapeshifter) (D:14)
  2 tarantellas (shapeshifter)
  6 wyverns
  A wraith (D:13)
  2 sharks (Lair:1)
  2 hill giant zombies
  2 hogs (D:15)
  17 ugly things
  4 hungry ghosts
  A wyvern (shapeshifter) (D:15)
  7 hippogriffs
  3 humans
  Grum (D:8)
  A fire elemental (D:11)
  6 steam dragons
  43 yaks
  4 nagas (Snake:1)
  A warg (Orc:4)
  3 swamp worms (Lair:3)
  42 water moccasins
  7 porcupines
  Edmund (D:9)
  13 wolves
  3 vampire mosquitoes (D:12)
  4 mottled dragons
  A warg (shapeshifter) (D:15)
  46 orc warriors
  2 soldier ants (D:12)
  5 sky beasts
  5 spiders (Lair:8)
  3 yellow wasps
  2 phantoms
  12 ice beasts
  A manticore zombie (D:15)
  4 black bears
  13 ogres
  14 centaurs
  14 crocodiles
  2 big kobolds
  3 boring beetles
  14 giant frogs
  2 brain worms
  4 scorpions
  A cyclops skeleton (D:13)
  9 killer bees
  2 eyes of draining
  A troll zombie (D:11)
  2 yak skeletons
  5 wights (D:13)
  2 vampire bats (D:12)
  5 electric eels
  6 big fish
  9 crimson imps
  7 goliath beetles
  A giant frog zombie (D:12)
  11 hounds
  10 jellies
  Crazy Yiuf (D:5)
  37 orc priests
  2 quasits
  A giant frog skeleton (D:7)
  15 iguanas
  38 orc wizards
  16 worker ants
  23 sheep
  Ijyb (D:7)
  2 hound zombies
  A mummy (D:14)
  An ogre skeleton (D:5)
  12 gnolls
  37 adders
  59 green rats
  A scorpion zombie (D:8)
  3 shadow imps
  3 giant mites
  An inept feature mimic (Sewer)
  19 worms
  An ufetubus (D:10)
  An adder skeleton (D:6)
  An iguana skeleton (D:11)
  30 oozes
  3 giant geckos
  226 orcs
  40 bats
  28 hobgoblins
  25 kobolds
  12 quokkas
  7 ball pythons
  8 giant cockroaches
  15 giant newts
  A giant spore (D:12)
  28 goblins
  A goblin skeleton (D:5)
  2 hobgoblin zombies (D:7)
  16 jackals
  2 orc skeletons
  13 rats
  4 ballistomycetes (D:12)
  A bush (Lair:7)
  93 fungi
  77 plants
1476 creatures vanquished.

Vanquished Creatures (collateral kills)
  4 skeletal warriors (D:11)
  An orc knight (Bailey)
  2 killer bees (D:10)
  A quasit (D:10)
  A rat (D:10)
9 creatures vanquished.

Vanquished Creatures (others)
  A brown ooze (Lair:8)
  A water elemental (Depths:1)
  2 fire elementals
  3 humans (D:15)
  A water moccasin (Snake:2)
  A spider (Lair:8)
  A swamp drake (Lair:8)
  3 orcs
  A bat (D:15)
  14 fungi
  6 plants (Lair:8)
34 creatures vanquished.

Grand Total: 1519 creatures vanquished

Notes
Turn   | Place    | Note
--------------------------------------------------------------
     0 | D:1      | BluebellGnoll, the Minotaur Fighter, began the quest for the Orb.
     0 | D:1      | Reached XP level 1. HP: 19/19 MP: 1/1
   264 | D:1      | Reached XP level 2. HP: 26/26 MP: 1/1
   419 | D:1      | Reached skill level 4 in Polearms
   679 | D:2      | Reached XP level 3. HP: 29/31 MP: 2/2
   917 | D:2      | Reached skill level 5 in Polearms
   924 | D:2      | Reached XP level 4. HP: 33/39 MP: 2/2
  1060 | D:2      | Found a bloodstained altar of Trog.
  1168 | D:2      | Found a stormy altar of Qazlal.
  1175 | D:2      | Became a worshipper of Qazlal Stormbringer
  1182 | D:2      | Found a sparkling altar of Nemelex Xobeh.
  1530 | D:3      | Noticed a yak
  1568 | D:3      | Killed a yak
  1568 | D:3      | Reached skill level 7 in Polearms
  1568 | D:3      | Reached XP level 5. HP: 24/45 MP: 2/2
  1808 | D:3      | Reached XP level 6. HP: 23/51 MP: 3/3
  2069 | D:2      | Reached skill level 8 in Polearms
  2256 | D:3      | Noticed a sky beast
  2277 | D:3      | Killed a sky beast
  2416 | D:3      | Reached skill level 9 in Polearms
  2586 | D:4      | Acquired Qazlal's first power
  2649 | D:4      | Reached XP level 7. HP: 26/57 MP: 3/3
  2801 | D:4      | Found a glowing drain.
  2860 | Sewer    | Entered a sewer
  3313 | Sewer    | Acquired Qazlal's second power
  3599 | D:4      | Reached skill level 5 in Armour
  3634 | D:4      | Reached skill level 5 in Shields
  3703 | D:5      | Entered Level 5 of the Dungeon
  3791 | D:4      | Noticed Prince Ribbit
  3805 | D:4      | Killed Prince Ribbit
  3805 | D:4      | Reached XP level 8. HP: 14/64 MP: 3/3
  4280 | D:5      | Found a bloodstained altar of Trog.
  4304 | D:5      | Reached skill level 1 in Invocations
  4809 | D:5      | Acquired Qazlal's third power
  4894 | D:5      | Reached skill level 5 in Fighting
  5028 | D:5      | Noticed Crazy Yiuf
  5038 | D:5      | Killed Crazy Yiuf
  5609 | D:6      | Reached XP level 9. HP: 79/79 MP: 10/10
  6193 | D:7      | Found a staircase to the Ecumenical Temple.
  6208 | Temple   | Entered the Ecumenical Temple
  6706 | D:7      | Acquired Qazlal's fourth power
  6876 | D:7      | Noticed Ijyb
  6887 | D:7      | Killed Ijyb
  7214 | D:8      | Found a staircase to the Lair.
  7215 | D:8      | Noticed an elephant
  7240 | D:8      | Killed an elephant
  7435 | D:8      | Reached skill level 5 in Throwing
  7521 | D:8      | Found a flagged portal.
  7590 | Bailey   | Entered a bailey
  7664 | Bailey   | Reached XP level 10. HP: 38/88 MP: 7/11
  7916 | Bailey   | Noticed an orc knight
  7955 | Bailey   | Killed an orc knight
  8275 | Bailey   | Noticed an orc knight
  8278 | Bailey   | Noticed an orc knight
  8310 | Bailey   | Killed an orc knight
  8310 | Bailey   | Reached skill level 10 in Shields
  8348 | Bailey   | Killed an orc knight
  8935 | D:8      | Reached skill level 10 in Polearms
  8996 | D:8      | Identified Jesoph's Collected Works on Lethal Feathers
  9013 | D:8      | Noticed Grum
  9157 | D:8      | Killed Grum
  9231 | D:8      | Reached skill level 11 in Polearms
  9432 | D:8      | Found a snail-covered altar of Cheibriados.
  9432 | D:8      | Found a deep blue altar of Sif Muna.
  9852 | D:9      | Found a staircase to the Orcish Mines.
  9872 | D:9      | Noticed Edmund
  9877 | D:9      | Reached skill level 1 in Evocations
  9890 | D:9      | Killed Edmund
  9952 | D:9      | Reached XP level 11. HP: 91/94 MP: 12/12
 10126 | D:9      | Acquired Qazlal's fifth power
 10376 | D:10     | Entered Level 10 of the Dungeon
 10526 | D:10     | Reached skill level 12 in Polearms
 10993 | D:10     | Found a corrupted altar of Lugonu.
 11292 | D:10     | Reached skill level 13 in Polearms
 11493 | D:11     | Found a sparkling altar of Nemelex Xobeh.
 11758 | D:11     | Gained mutation: You have a pair of large horns on your head. [potion of beneficial mutation]
 11785 | D:11     | Noticed a skeletal warrior
 11785 | D:11     | Noticed a skeletal warrior
 11792 | D:11     | Noticed a skeletal warrior
 11793 | D:11     | Noticed a skeletal warrior
 11808 | D:11     | Noticed a skeletal warrior
 11818 | D:11     | Killed a skeletal warrior
 11825 | D:11     | Killed a skeletal warrior
 11825 | D:11     | Killed a skeletal warrior
 11831 | D:11     | Killed a skeletal warrior
 11865 | D:11     | Killed a skeletal warrior
 11865 | D:11     | Reached skill level 14 in Polearms
 11928 | D:11     | Reached XP level 12. HP: 93/102 MP: 14/14
 12133 | D:11     | Reached skill level 5 in Evocations
 12593 | D:12     | Found a shattered altar of Ashenzari.
 12650 | D:12     | Reached skill level 5 in Invocations
 13486 | D:2      | Received a gift from Qazlal (rF+)
 13777 | Orc:1    | Entered Level 1 of the Orcish Mines
 14419 | Orc:1    | Found a bloodstained altar of Trog.
 14724 | Orc:4    | Entered Level 4 of the Orcish Mines
 14724 | Orc:4    | Found a staircase to the Elven Halls.
 14886 | Orc:3    | Reached skill level 10 in Fighting
 16645 | Orc:4    | Noticed an orc warlord
 17644 | Orc:4    | Reached XP level 13. HP: 117/117 MP: 20/20
 18233 | Orc:4    | Found Utana's General Store.
 18234 | Orc:4    | Found Xadigyko's Book Shoppe.
 18235 | Orc:4    | Found Raigauf's Antique Armour Shoppe.
 18235 | Orc:4    | Found Skutruwn's Antique Weapon Emporium.
 18993 | D:13     | Found a flickering gateway to a bazaar.
 19022 | Bazaar   | Entered a bazaar
 19022 | Bazaar   | Found Amosoy's Assorted Antiques.
 19022 | Bazaar   | Found Naaqah's Distillery.
 19022 | Bazaar   | Found Cass' Weapon Emporium.
 19023 | Bazaar   | Found Puonyxza's Magic Scroll Shoppe.
 19026 | Bazaar   | Bought a scroll labeled BROUWO KERIKK for 21 gold pieces
 19036 | Bazaar   | Bought a potion of curing for 22 gold pieces
 19036 | Bazaar   | Bought a potion of haste for 77 gold pieces
 19036 | Bazaar   | Bought a potion of curing for 22 gold pieces
 19036 | Bazaar   | Bought a potion of haste for 77 gold pieces
 19036 | Bazaar   | Bought a potion of curing for 22 gold pieces
 19036 | Bazaar   | Bought a potion of curing for 22 gold pieces
 19036 | Bazaar   | Bought a potion of restore abilities for 33 gold pieces
 19040 | Bazaar   | Bought a scroll of amnesia for 42 gold pieces
 19040 | Bazaar   | Bought a scroll of vulnerability for 90 gold pieces
 19040 | Bazaar   | Bought a scroll of identify for 24 gold pieces
 19040 | Bazaar   | Bought a scroll of holy word for 90 gold pieces
 19040 | Bazaar   | Bought a scroll of summoning for 114 gold pieces
 19040 | Bazaar   | Bought a scroll of enchant weapon I for 42 gold pieces
 19040 | Bazaar   | Bought a scroll of identify for 24 gold pieces
 19047 | Bazaar   | Bought a sack of spiders for 420 gold pieces
 19047 | Bazaar   | Bought a scroll of magic mapping for 73 gold pieces
 19532 | D:13     | Reached skill level 10 in Armour
 19581 | D:13     | Found a gate to the Vaults.
 20532 | Lair:1   | Entered Level 1 of the Lair of Beasts
 20538 | Lair:1   | Noticed Erica
 20904 | Lair:1   | Killed Erica
 21067 | Lair:1   | Upgraded the game from 0.15-a0-1387-gd422dff to 0.15-a0-1403-g2cecdf4
 21159 | Lair:1   | Got a pitted spear
 21160 | Lair:1   | Identified the +7,+5 spear "Illoth" {pierce, rN+} (You found it on level 1 of the Lair of Beasts)
 21953 | Lair:2   | Reached XP level 14. HP: 117/127 MP: 22/22
 22733 | Lair:3   | Found a staircase to the Swamp.
 24424 | Lair:4   | Found a staircase to the Snake Pit.
 24905 | Lair:5   | Identified a +0 rod of inaccuracy (12/12) (You found it on level 4 of the Lair of Beasts)
 24921 | Lair:5   | Reached skill level 15 in Polearms
 26332 | Lair:7   | Reached skill level 15 in Fighting
 26428 | Lair:7   | Reached skill level 16 in Polearms
 26750 | Lair:7   | Found a shadowy altar of Dithmenos.
 27252 | Lair:8   | Entered Level 8 of the Lair of Beasts
 27797 | Lair:8   | Reached XP level 15. HP: 109/145 MP: 24/24
 27910 | Lair:8   | Found a staircase to the Slime Pits.
 28031 | Lair:8   | Paralysed by a red wasp for 2 turns
 28360 | Lair:8   | Reached skill level 17 in Fighting
 28834 | Lair:8   | Reached skill level 10 in Invocations
 29949 | D:14     | Found Clijiapi's Distillery.
 30025 | D:14     | Found a labyrinth entrance.
 30331 | D:14     | Bought a potion of heal wounds for 30 gold pieces
 30331 | D:14     | Bought a potion of invisibility for 55 gold pieces
 30360 | D:14     | Got a garnet-encrusted plate armour
 30437 | D:14     | Reached skill level 18 in Fighting
 30651 | Lair:2   | Identified the +13 plate armour of Criunwivea {rC+} (You took it off a kobold on level 14 of the Dungeon)
 30993 | D:14     | Found a glowing golden altar of the Shining One.
 31147 | D:15     | Entered Level 15 of the Dungeon
 31345 | D:15     | Found Mecsi's Blood Bar.
 31357 | D:15     | Noticed Kirke
 31376 | D:15     | Killed Kirke
 31664 | D:15     | Reached skill level 19 in Fighting
 31747 | D:15     | Found a staircase to the Depths.
 32349 | Snake:1  | Entered Level 1 of the Snake Pit
 32927 | Snake:1  | Found Zido's Antique Armour Shoppe.
 32954 | Snake:1  | Bought a twisted large shield for 256 gold pieces
 32968 | Snake:1  | Identified the cursed -4 large shield "Beab" {Str+1 Int-4 Dam+4 Curse} (You bought it in a shop on level 1 of the Snake Pit)
 32968 | Snake:1  | Bought a pitted buckler for 256 gold pieces
 32980 | Snake:1  | Identified the cursed +1 buckler of Beauty {Str+4 Int+4} (You bought it in a shop on level 1 of the Snake Pit)
 33465 | Lair:2   | Identified a +1 rod of shadows (10/10) (You found it on level 1 of the Snake Pit)
 33692 | Snake:2  | HP: 6/152 [poisoned by a greater naga (poison arrow)]
 34382 | D:14     | Bought a potion of resistance for 70 gold pieces
 34382 | D:14     | Bought a potion of haste for 70 gold pieces
 34382 | D:14     | Bought a potion of agility for 25 gold pieces
 34382 | D:14     | Bought a potion of agility for 25 gold pieces
 34382 | D:14     | Bought a potion of heal wounds for 30 gold pieces
 34802 | Depths:1 | Entered Level 1 of the Depths
 34812 | Depths:1 | Noticed Jorgrun
 34839 | Depths:1 | HP: 4/152 [death yak (6)]
 34839 | Depths:1 | HP: 1/152 [emperor scorpion (3)]
 34839 | Depths:1 | Slain by an emperor scorpion

Action                   |  1- 3 |  4- 6 |  7- 9 | 10-12 | 13-15 || total
-------------------------+-------+-------+-------+-------+-------++-------
Melee: Trident           |    72 |   121 |   396 |    10 |    13 ||   612
       Spear             |       |       |   267 |  1358 |  2294 ||  3919
       Unarmed           |       |       |       |       |    68 ||    68
 Fire: Blowgun           |       |     6 |       |       |       ||     6
Throw: Tomahawk          |       |     3 |    62 |    93 |   264 ||   422
       Javelin           |       |       |       |    23 |    39 ||    62
Invok: Upheaval          |       |       |     2 |    10 |     1 ||    13
       Elemental Force   |       |       |       |     3 |     1 ||     4
       Disaster Area     |       |       |       |     1 |     1 ||     2
Evoke: Wand              |       |     1 |    15 |    11 |     9 ||    36
       Stone of tremors  |       |       |       |     1 |       ||     1
       Rod               |       |       |       |       |    15 ||    15
  Use: Scroll            |       |     3 |    19 |    23 |    18 ||    63
       Potion            |       |       |     5 |     5 |    13 ||    23
 Stab: Paralysed         |       |     1 |     1 |     1 |       ||     3
       Distracted        |       |       |       |     1 |       ||     1
       Fleeing           |       |       |       |       |     1 ||     1
